 Dungeon Crawl Stone Soup version 0.30-a0-743-gbfdf073431 (webtiles) character file.

Game seed: 1825698879991759182

14 retardedninja the Ducker (level 2, 0/14 HPs)
             Began as a Felid Berserker on Feb 6, 2023.
             Was a Follower of Trog.
             Slain by a worm (5 damage)
             ... on level 2 of the Dungeon.
             The game lasted 00:01:49 (1429 turns).

retardedninja the Ducker (Felid Berserker)          Turns: 1429, Time: 00:01:50

Health: 0/14       AC:  1    Str: 13    XL:     2   Next: 31%
Magic:  3/3        EV: 18    Int:  8    God:    Trog [*.....]
Gold:   97         SH:  0    Dex: 15    Spells: 1/1 levels left
                                        Lives:  0   Deaths: 0

rFire   . . .      SeeInvis +      - Unarmed
rCold   . . .      Faith    .    (shield unavailable)
rNeg    . . .      Spirit   .    (body armour unavailable)
rPois   .          Reflect  .    (helmet unavailable)
rElec   .          Harm     .    (cloak unavailable)
rCorr   .          Rampage  .    (gloves unavailable)
Will    .....                    (boots unavailable)
Stlth   +                        (no amulet)
HPRegen 0.22/turn                (no ring)
MPRegen 0.08/turn                (no ring)

@: quick
A: very small, claws 1, fangs 3, see invisible, speed 1, shaggy fur 1, stealthy
paws, no weapons or thrown items, no armour, multi-lived
a: Renounce Religion, Berserk


You were on level 2 of the Dungeon.
You worshipped Trog.
Trog was aware of your devotion.
You visited 1 branch of the dungeon, and saw 2 of its levels.

You collected 97 gold pieces.

Inventory:

Scrolls
 a - 3 scrolls of identify {unknown}
 b - a scroll of immolation {unknown}
 c - 2 scrolls of brand weapon {unknown}
 f - a scroll of blinking {unknown}
Potions
 d - 2 potions of heal wounds {unknown}
 e - 2 potions of cancellation {unknown}


   Skills:
 + Level 3.2 Fighting
 + Level 4.3 Dodging
 + Level 0.1 Stealth
 * Level 3.3 Unarmed Combat


You had one spell level left.
You didn't know any spells.
Your spell library was empty.

Dungeon Overview and Level Annotations

Branches:
Dungeon (2/15)

Altars:


Innate Abilities, Weirdness & Mutations

You have sharp claws.
You have razor-sharp teeth.
You have supernaturally acute eyesight. (SInv)
You cover ground quickly. (Speed+)
You are covered in fur. (AC +1)
Your paws help you pounce on unaware monsters.
You are incapable of wielding weapons or throwing items.
You cannot wear armour.
You gain extra lives every three experience levels.


Message History

You claw the quokka!
You kill the quokka!
Trog accepts your kill.
No target in view!
No target in view!
No target in view!
No target in view!
No target in view!
No target in view!
No target in view!
No target in view!
You now have 97 gold pieces (gained 8).
Found a club.
A worm comes into view.
A worm is nearby!
A worm is nearby!
A worm is nearby!
A worm is nearby!
You see here a +0 club.
A worm is nearby!
The worm misses you.
A worm is nearby!
You barely miss the worm.
A worm is nearby!
You claw the worm!
The worm is heavily wounded.
The worm bites you!
Ouch! That really hurt!
You are too injured to fight recklessly!
You are too injured to fight recklessly!
You are too injured to fight recklessly!
You are too injured to fight recklessly!
You are too injured to fight recklessly!
You are too injured to fight recklessly!
You scratch the worm.
The worm is severely wounded.
You scratch the worm but do no damage.
The worm is severely wounded.
The worm bites you.
You die...

#.#### #.# .
#.# ..### ###
#.# .... ..#
#.# ...#.#
#.# #.###.#.#
#.#
........###.#
#.w@)...#
#########


You could see a worm.

Vanquished Creatures
  3 endoplasms (D:1)
  A hobgoblin (D:1)
  A kobold (D:1)
  2 quokkas
  2 ball pythons (D:1)
  3 bats
  A frilled lizard (D:2)
  A rat (D:1)
14 creatures vanquished.

Notes
Turn   | Place    | Note
-------+----------+-------------------------------------------
     0 | D:1      | retardedninja the Felid Berserker began the quest for the
                  | Orb.
     0 | D:1      | Reached XP level 1. HP: 10/10 MP: 2/2
   711 | D:1      | Reached XP level 2. HP: 11/14 MP: 3/3
  1429 | D:2      | Slain by a worm

Illustrated notes

Levels and vault maps discovered:
D:1:      sevenhm_arrival_forest_fort_large_2, layout_basic, serial_curves,
          eino_curves_01, eino_curves_04, minmay_misc_feat_iff
D:2:      layout_basic, basic_altar, shapermc_ecumenical_altar_petra

Action                     || total
---------------------------++-------
  Melee: Unarmed           ||    30
         Bite              ||     4
         Punch             ||     2
   Stab: Sleeping          ||     2
 Armour: Skin              ||     4
  Dodge: Dodged            ||    15

Table legend: (Time is in decaauts)
 A = Elapsed time spent in this place.
 B = Non-inter-level travel time spent in this place.
 C = Inter-level travel time spent in this place.
 D = Time resting spent in this place.
 E = Time spent auto-exploring this place.
 F = Levels seen in this place.
 G = Mean time per level.
                   A        B        C        D        E       F      G
               +--------+--------+--------+--------+--------+-----+--------+
         Total |   1199 |   1187 |     12 |    219 |    862 |   2 |  599.5 |
       Dungeon |   1199 |   1187 |     12 |    219 |    862 |   2 |  599.5 |
               +--------+--------+--------+--------+--------+-----+--------+

Top non-repeatable levels by time:
     D:1: 1128 daAuts
     D:2: 70 daAuts
